 Dungeon Crawl Stone Soup version 0.27-a0-1119-gbf574a6a6b (webtiles) character file.

Game seed: 9337167593942435232

13 Zeld the Skirmisher (level 2, -9/21 HPs)
             Began as an Octopode Fighter on May 3, 2021.
             Killed by divine providence
             ... invoked by an orc priest
              (15 damage)
             ... on level 3 of the Dungeon.
             The game lasted 00:01:22 (527 turns).

Zeld the Skirmisher (Octopode Fighter)               Turns: 527, Time: 00:01:23

Health: -9/21      AC:  1    Str: 15    XL:     2   Next: 37%
Magic:  2/2        EV: 11    Int: 10    God:
Gold:   23         SH:  8    Dex: 11    Spells: 1/1 levels left

rFire    . . .     SeeInvis .   a - +0 war axe
rCold    . . .     Faith    .   b - +0 kite shield
rNeg     . . .     Spirit   .   (helmet restricted)
rPois    .         Reflect  .   (no amulet)
rElec    .         Harm     .   (no ring)
rCorr    .         Rampage  .   (no ring)
Will     .....                  (no ring)
Stlth    ++........             (no ring)
HPRegen  0.07/turn              (no ring)
MPRegen  0.08/turn              (no ring)
                                (no ring)
                                (no ring)

@: no status effects
A: almost no armour, amphibious, 8 rings, camouflage 1, gelatinous body 1,
(nimble swimmer 1), tentacles
a: no special abilities


You were on level 3 of the Dungeon.
You visited 1 branch of the dungeon, and saw 3 of its levels.

You collected 23 gold pieces.

Inventory:

Hand Weapons
 a - a +0 war axe (weapon)
Armour
 b - a +0 kite shield (worn)
Scrolls
 e - a scroll of blinking {unknown}
Potions
 c - a potion of might
 d - a potion of lignification {unknown}


   Skills:
 * Level 3.2 Fighting
 * Level 2.3 Axes
 - Level 3.0 Dodging
 * Level 3.2 Shields


You had one spell level left.
You didn't know any spells.
Your spell library was empty.

Dungeon Overview and Level Annotations

Branches:
Dungeon (3/15)

Altars:

Annotations:
D:3 1 transporter


Innate Abilities, Weirdness & Mutations

You cannot wear most types of armour.
You are amphibious.
You can wear up to eight rings at the same time.
Your skin changes colour to match your surroundings (Stealth+).
Your rubbery body absorbs attacks. (AC +1, EV +1)
((You are camouflaged near water. (Stealth+)))
You have tentacles for arms and can constrict up to eight enemies at once.


Message History

You start resting.
A kobold is nearby!
A kobold is nearby!
A kobold is nearby!
You start resting.
You start resting.
HP restored.
You start waiting.
Done waiting.
You start waiting.
An orc comes into view. It is wielding a +0 trident.
An orc is nearby!
The orc hits you with a +0 trident!
You slash the orc!
You kill the orc!
No target in view!
No target in view!
A kobold is nearby!
A kobold is nearby!
A kobold is nearby!
An orc and an orc priest come into view.
Found 11 gold pieces.
An orc comes into view. It is wielding a +0 dagger.
The kobold hits you with a +0 mace!
* * * LOW HITPOINT WARNING * * *
You slash the kobold!
You kill the kobold!
You are too injured to fight recklessly!
A hobgoblin comes into view.
The hobgoblin shouts!
The orc priest shouts!
The orc shouts!
You hear a shout!
Found 12 gold pieces.
Things that are here:
a +0 mace; a kobold corpse You are too injured to fight recklessly!
You are too injured to fight recklessly!
The orc shouts!
The orc priest calls down the wrath of Beogh upon you.
Beogh smites you!
Ouch! That really hurt!
You die...

.....#....#
.......o..#
........o.# ≈.
......og..#.≈≈.
#.###+#.#........
###.
#.#.#.#.###.#
##...###.#)#.#.#
#.......)<.#.# #
..©......#.#@#
#######..#.#.#
P.©.P8#..).).#
../..P#..#####
##+####..#
≈...≈5#....
≈...≈.#......
≈P≈≈≈.#........
≈≈⌠≈≈.#........


You could see an orc priest, 2 orcs and a hobgoblin.

Vanquished Creatures
  2 orcs (D:3)
  A ball python (D:3)
  4 goblins
  2 kobolds
  A frilled lizard (D:1)
10 creatures vanquished.

Notes
Turn   | Place    | Note
-------+----------+-------------------------------------------
     0 | D:1      | Zeld the Octopode Fighter began the quest for the Orb.
     0 | D:1      | Reached XP level 1. HP: 16/16 MP: 1/1
   188 | D:3      | Found a transporter.
   200 | D:3      | Reached XP level 2. HP: 10/21 MP: 2/2
   527 | D:3      | Killed from afar by an orc priest

Illustrated notes

Levels and vault maps discovered:
D:1:      dpeg_arrival_round_a, layout_basic, minmay_misc_feat_nine_boxes,
          due_unseen_surprise
D:2:      layout_rooms, hellmonk_ecumenical_altar_arch_garden, minivault_14
D:3:      gammafunk_wand_slinger, layout_basic, nicolae_overflow_crystal_walls,
          marbit_many_paths, nicolae_sif_muna_little_library,
          chequers_serial_rivers_micro_c

Action                   || total
-------------------------++-------
Melee: War axe           ||    18
       Constrict         ||     3
       Tentacles         ||     1
Armor: Skin              ||     1
Dodge: Dodged            ||    14
Block: Kite shield       ||     6

Table legend: (Time is in decaauts)
 A = Elapsed time spent in this place.
 B = Non-inter-level travel time spent in this place.
 C = Inter-level travel time spent in this place.
 D = Time resting spent in this place.
 E = Time spent auto-exploring this place.
 F = Levels seen in this place.
 G = Mean time per level.
                   A        B        C        D        E       F      G
               +--------+--------+--------+--------+--------+-----+--------+
         Total |    539 |    536 |      3 |    280 |    160 |   3 |  179.7 |
       Dungeon |    539 |    536 |      3 |    280 |    160 |   3 |  179.7 |
               +--------+--------+--------+--------+--------+-----+--------+

Top non-repeatable levels by time:
     D:3: 336 daAuts
     D:1: 111 daAuts
     D:2: 90 daAuts
